 Dungeon Crawl Stone Soup version 0.20-a0-969-g5a5da1e (webtiles) character file.

202 stankywizzleteets the Shooter (level 5, 0/44 HPs)
             Began as a Centaur Hunter on Apr 30, 2018.
             Slain by Duvessa
             ... wielding a +0 short sword
              (3 damage)
             ... on level 4 of the Dungeon.
             The game lasted 00:27:26 (3161 turns).

stankywizzleteets the Shooter (Centaur Hunter)      Turns: 3161, Time: 00:27:27

Health: 0/44       AC:  5    Str: 15    XL:     5   Next: 50%
Magic:  5/5        EV:  8    Int: 10    God:
Gold:   126        SH:  0    Dex: 10    Spells: 4/4 levels left

rFire    + . .     SeeInvis .   u - +1 arbalest
rCold    + . .     Gourm    .   (shield currently unavailable)
rNeg     . . .     Faith    .   y - +0 ring mail
rPois    .         Spirit   .   (no helmet)
rElec    .         Reflect  .   w - scarf {rC+ rF+}
rCorr    .         Harm     .   (no gloves)
MR       .....                  (no barding)
Stlth    ..........             (no amulet)
Regen    0.2/turn               (no ring)
MPRegen  0.1/turn               (no ring)

@: very slightly contaminated, very quick
A: hooves 3, deformed body, speed 2, tough skin 3
a: no special abilities


You were on level 4 of the Dungeon.
You were not hungry.

You visited 1 branch of the dungeon, and saw 4 of its levels.

You collected 126 gold pieces.

Inventory:

Hand Weapons
 a - a +1 shortbow
 b - a +0 short sword
 k - a +0 club
 l - a +0 club
 n - a +0 dagger
 q - a +0 dagger
 t - a +0 spear
 u - a +1 arbalest (weapon)
 F - a +0 falchion
 G - a +1 halberd
 H - a +0 club
Missiles
 d - 21 arrows
 j - 98 stones
 m - 48 bolts (quivered)
 p - 7 poisoned needles
 D - 4 tomahawks
Armour
 c - a +0 leather armour
 w - a scarf of resistance (worn)
 y - a +0 ring mail (worn)
Scrolls
 h - a scroll of blinking
 v - a scroll of magic mapping
 A - a scroll of random uselessness
 B - a scroll of amnesia {unknown}
 I - a scroll of recharging {unknown}
Potions
 e - a potion of resistance
 g - a potion of heal wounds
 r - a potion of haste {unknown}
 s - a potion of lignification {unknown}
 x - a potion of mutation {unknown}
 C - a potion of curing {unknown}
 E - a potion of cancellation {unknown}
 J - a potion of brilliance {unknown}
Comestibles
 f - 2 bread rations
 i - a royal jelly
 o - 3 fruits


   Skills:
 + Level 2.8 Fighting
 + Level 0.1 Long Blades
 + Level 1.4 Polearms
 + Level 6.8 Bows
 + Level 1.6 Crossbows
 + Level 1.4 Armour
 + Level 1.6 Dodging
 + Level 0.5 Stealth


You had 4 spell levels left.
You didn't know any spells.

Dungeon Overview and Level Annotations

Branches:
Dungeon (4/15)
 Temple: D:4-7

Altars:
Ru
Sif Muna
Zin

Annotations:
D:4 Dowan, Duvessa


Innate Abilities, Weirdness & Mutations

You have hooves in place of feet.
Armour fits poorly on your strangely shaped body.
You cover ground very quickly.
You have extremely tough skin. (AC +3)


Message History

Firing (i - inventory. (,) - cycle):
m - 50 bolts (quivered)
Press: ? - help, Shift-Dir - straight line, f/p - Dowan
Aim: Dowan, wielding a dagger and wearing a robe (heavily wounded)
You shoot a bolt.
The bolt hits Duvessa but does no damage.
Duvessa barely misses you. Duvessa hits you with a short sword.
Dowan gestures wildly while chanting.
Dowan blinks!
The worm barely misses you. Duvessa completely misses you.
Duvessa hits you with a short sword.
* * * LOW HITPOINT WARNING * * *
Duvessa hits you with a short sword.
* * * LOW HITPOINT WARNING * * *
Firing (i - inventory. (,) - cycle):
m - 49 bolts (quivered)
Press: ? - help, Shift-Dir - straight line, f - Duvessa
Aim: Duvessa, wielding a short sword and wearing a leather armour (fast)
You shoot a bolt. The bolt closely misses Duvessa.
Duvessa hits you with a short sword.
* * * LOW HITPOINT WARNING * * *
Duvessa hits you with a short sword.
You die...

#............). ####
#.............. #...
#..............
#...###..............
....##..........<(.
#..###e.(.......#.
#...(<.####.....#
#.#(.#### #####...
#@#.(...# #..#
#.ew.##..... ....
###...)...## ..[.
##(..#..?. ##..
###...... ......
###..# ... (.


You could see Duvessa and a worm.

Vanquished Creatures
  Jessica (D:3)
  Natasha (thrice) (D:3)
  4 gnolls (D:3)
  An adder (D:3)
  2 worms (D:3)
  A dart slug (D:1)
  A leopard gecko (D:2)
  3 bats
  2 giant cockroaches
  7 goblins
  5 hobgoblins
  4 jackals (D:1)
  7 kobolds
  A frilled lizard (D:1)
  5 rats
47 creatures vanquished.

Notes
Turn   | Place    | Note
-------+----------+-------------------------------------------
     0 | D:1      | stankywizzleteets the Centaur Hunter began the quest for the Orb.
     0 | D:1      | Reached XP level 1. HP: 17/17 MP: 1/1
   279 | D:1      | Reached XP level 2. HP: 24/24 MP: 2/2
   429 | D:1      | Reached skill level 6 in Bows
   790 | D:1      | Reached XP level 3. HP: 23/29 MP: 3/3
  1124 | D:2      | Found a glowing silver altar of Zin.
  2304 | D:3      | Reached XP level 4. HP: 25/37 MP: 4/4
  2450 | D:3      | Noticed Natasha
  2464 | D:3      | Killed Natasha
  2464 | D:3      | Reached skill level 1 in Armour
  2470 | D:3      | Noticed Natasha
  2486 | D:3      | Killed Natasha
  2486 | D:3      | Reached skill level 1 in Polearms
  2486 | D:3      | Reached skill level 1 in Crossbows
  2486 | D:3      | Reached XP level 5. HP: 15/44 MP: 5/5
  2729 | D:3      | Found a sacrificial altar of Ru.
  2910 | D:3      | Noticed Natasha
  2915 | D:3      | Killed Natasha
  2921 | D:3      | Noticed Jessica
  2930 | D:3      | Killed Jessica
  2953 | D:3      | Found a deep blue altar of Sif Muna.
  3137 | D:4      | Noticed Dowan
  3139 | D:4      | Noticed Duvessa
  3161 | D:4      | Slain by Duvessa

Vault maps used:
D:1:      zaba_arrival_water
D:2:      zin_scriptorium, kennysheep_generic_room_14
D:3:      nicolae_ru_sacrificial_ziggurat, tgw_sif, uniq_natasha
D:4:      serial_park_tiny_2, columned_hall_lemuel, serial_bayou_ford_a,
          minmay_misc_feat_square, uniq_duvessa

Skill      XL: |  1  2  3  4 |
---------------+-------------+-----
Bows           | 6 |  6.8
Armour         | 1 |  1.4
Polearms       | 1 |  1.4
Crossbows      | 1 |  1.6
Fighting       | |  2.8
Long Blades    | |  0.1
Dodging        | |  1.6
Stealth        | |  0.5

Action                   |  1- 3 |  4- 6 || total
-------------------------+-------+-------++-------
Melee: Spear             |    13 |       ||    13
       Kick              |     4 |     7 ||    11
       Halberd           |       |    14 ||    14
       Falchion          |       |     9 ||     9
 Fire: Shortbow          |    87 |       ||    87
       Arbalest          |     7 |    33 ||    40
  Use: Scroll            |     6 |     6 ||    12
       Potion            |       |     3 ||     3
  Eat: Bread ration      |     1 |       ||     1
Armor: Leather armour    |    24 |       ||    24
       Ring mail         |     1 |    12 ||    13
Dodge: Dodged            |    39 |    32 ||    71
       Rpst.: Falchion   |       |     1 ||     1
